 Dungeon Crawl Stone Soup version 0.28.0-53-g5a82cb258f (webtiles) character file.

Game seed: 7432544777234976575

203 Sin92 the Skirmisher (level 5, -9/42 HPs)
             Began as a Demonspawn Fighter on June 29, 2022.
             Killed by nerve-wracking pain
             ... invoked by Grinder
              (11 damage)
             ... while paralysed by Grinder
             ... on level 4 of the Dungeon.
             The game lasted 00:02:00 (2836 turns).

Sin92 the Skirmisher (Demonspawn Fighter)           Turns: 2836, Time: 00:02:01

Health: -9/42      AC: 12    Str: 18    XL:     5   Next: 51%
Magic:  5/5        EV:  2    Int:  9    God:
Gold:   141        SH:  0    Dex: 13    Spells: 4/4 levels left

rFire   . . .      SeeInvis .   a - +1 war axe
rCold   . . .      Faith    .   c - +0 buckler
rNeg    . . .      Spirit   .   b - +0 scale mail
rPois   .          Reflect  .   (no helmet)
rElec   .          Harm     .   (no cloak)
rCorr   .          Rampage  .   (no gloves)
Will    .....                   n - +0 pair of boots
Stlth   ..........              (no amulet)
HPRegen 0.14/turn               g - +4 ring of protection
MPRegen 0.09/turn               (no ring)

@: paralysed, mighty, attractive
A: spiny 2, demonic magic 1
a: no special abilities


You were on level 4 of the Dungeon.
You visited 1 branch of the dungeon, and saw 4 of its levels.

You collected 141 gold pieces.

Inventory:

Hand Weapons
 a - a +1 war axe (weapon)
Armour
 b - a +0 scale mail (worn)
 c - a +0 buckler (worn)
 n - a +0 pair of boots (worn)
Jewellery
 g - a +4 ring of protection (left hand)
 l - an amulet of guardian spirit
Wands
 k - a wand of paralysis (13)
Scrolls
 f - a scroll of magic mapping {unknown}
 i - 3 scrolls of identify {unknown}
Potions
 h - a potion of degeneration {unknown}
 j - a potion of flight {unknown}
 m - 2 potions of mutation {unknown}
 o - a potion of curing {unknown}


   Skills:
 + Level 3.8 Fighting
 * Level 3.6 Axes
 + Level 3.4 Armour
 + Level 3.4 Shields


You had 4 spell levels left.
You didn't know any spells.
Your spell library contained the following spells:

 Spells                   Type           Power      Damage    Failure   Level
 Apportation              Tloc           0%         N/A       86%         1
 Ensorcelled Hibernation  Hex/Ice        0%         N/A       94%         2
 Passwall                 Tmut/Erth      0%         N/A       94%         2
 Scorch                   Fire           0%         2d5       94%         2
 Gell's Gravitas          Tloc           0%         N/A       99%         3
 Swiftness                Air            0%         N/A       99%         3
 Teleport Other           Tloc           0%         N/A       99%         3
 Flame Wave               Conj/Fire      0%         2d4       100%        4
 Alistair's Intoxication  Tmut/Pois      0%         N/A       100%        5
 Borgnjor's Vile Clutch   Necr/Erth      0%         N/A       100%        5
 Metabolic Englaciation   Hex/Ice        0%         N/A       100%        5
 Dispersal                Tloc           0%         N/A       100%        6
 Summon Cactus Giant      Summ           0%         N/A       100%        6


Dungeon Overview and Level Annotations

Branches:
Dungeon (4/15)
 Temple: D:4-7

Altars:
Zin

Annotations:
D:4 Grinder


Innate Abilities, Weirdness & Mutations

You are mostly covered in sharp spines.
Spells you cast may paralyse adjacent enemies.


Message History

Unknown command.
There are monsters nearby!
You are too injured to fight recklessly!
Unknown command.
You are too injured to fight recklessly!
There are monsters nearby!
It was a potion of attraction.
You feel attractive to monsters.
The quokka bites you but does no damage.
Grinder is struck by your spines. Grinder hits you but does no damage.
You feel very mighty all of a sudden. You block the quokka's attack.
Grinder hits you.
You writhe in agony.
* * * LOW HITPOINT WARNING * * *
You closely miss Grinder.
Grinder is moderately wounded.
You barely miss the quokka. The quokka is struck by your spines.
You kill the quokka!
Grinder blinks!
Grinder is attracted toward you.
You slash Grinder!
Grinder is heavily wounded.
Grinder is struck by your spines. Grinder hits you but does no damage.
You slash Grinder!
Grinder is almost dead.
Grinder gestures at you. Pain shoots through your body!
* * * LOW HITPOINT WARNING * * *
Grinder says, "Are you a fish?" Grinder gestures at you.
You suddenly lose the ability to move!
Grinder hits you.
* * * LOW HITPOINT WARNING * * *
You writhe in agony.
* * * LOW HITPOINT WARNING * * *
Grinder hits you.
* * * LOW HITPOINT WARNING * * *
You writhe in agony.
* * * LOW HITPOINT WARNING * * *
Grinder gestures at you. Pain shoots through your body!
You die...

##...#...##
##.........## ###
#...........# #.#
#...........#
###.####...........#
#.....# #.........#
#.###.# #...5...#
#.# #.# #@.# #.#
#.## #..# ###.# #..#
#..# #...# ##.#
##..# ###.### #.#
#...# ##..#### #.##
#.#.#
.......###..###.#.##
...###.............#
#..# #####......#.##


You could see Grinder.

Vanquished Creatures
  An iguana (D:3)
  Natasha (twice) (D:4)
  A hound skeleton (D:4)
  4 adders
  4 dart slugs
  An orc (D:4)
  9 endoplasms
  A giant cockroach (D:1)
  6 hobgoblins
  4 jackals (D:1)
  3 quokkas
  6 ball pythons
  11 bats
  A frilled lizard (D:1)
  3 goblins
  4 kobolds
  5 rats
66 creatures vanquished.

Notes
Turn   | Place    | Note
-------+----------+-------------------------------------------
     0 | D:1      | Sin92 the Demonspawn Fighter began the quest for the Orb.
     0 | D:1      | Reached XP level 1. HP: 18/18 MP: 1/1
   388 | D:1      | Gained mutation: You are partially covered in sharp spines.
                  | [demonic ancestry]
   388 | D:1      | Reached XP level 2. HP: 24/24 MP: 2/2
   563 | D:1      | Found a faded altar of an unknown god.
   814 | D:1      | Gained mutation: You are mostly covered in sharp spines.
                  | [demonic ancestry]
   814 | D:1      | Reached XP level 3. HP: 29/29 MP: 3/3
  1885 | D:3      | Reached XP level 4. HP: 35/35 MP: 4/4
  2298 | D:3      | Got the Collected Works on the Ashen Snowflakes
  2612 | D:4      | Gained mutation: Spells you cast may paralyse adjacent
                  | enemies. [demonic ancestry]
  2612 | D:4      | Reached XP level 5. HP: 42/42 MP: 5/5
  2647 | D:4      | Noticed Natasha
  2652 | D:4      | Killed Natasha
  2678 | D:4      | Noticed Natasha
  2687 | D:4      | Killed Natasha
  2826 | D:4      | Noticed Grinder
  2833 | D:4      | Paralysed by Grinder for 6 turns
  2835 | D:4      | HP: 2/42 [Grinder (2)]
  2836 | D:4      | Killed from afar by Grinder

Illustrated notes

Levels and vault maps discovered:
D:1:      dpeg_arrival_pits, layout_basic, shapermc_ecumenical_altar_flowoftime,
          minmay_misc_feat_room
D:2:      layout_basic, st_stairs_8
D:3:      layout_basic, lemuel_crystal_altar, corexii_hall_statues_i
D:4:      minmay_inner_zag, layout_rooms, chequers_temple_overflow_minitemple,
          minmay_temple_entry_large_hall, uniq_grinder, uniq_natasha

Skill      XL: |  1  2  3  4 |
---------------+-------------+-----
Axes           | 2 3 |  3.6
Armour         | 3 |  3.4
Shields        | 3 |  3.4
Fighting       | |  3.8

Action                   |  1- 3 |  4- 6 || total
-------------------------+-------+-------++-------
Melee: War axe           |    76 |    41 ||   117
  Use: Scroll            |       |     2 ||     2
       Potion            |       |     2 ||     2
Armor: Scale mail        |    40 |    16 ||    56
Dodge: Dodged            |    25 |    15 ||    40
Block: Buckler           |    16 |     5 ||    21
